 Dungeon Crawl Stone Soup version 0.23-a0-169-gb21e695 (webtiles) character file.

67 Amnesiac the Chiller (level 4, 0/30 HPs)
             Began as a Mummy Ice Elementalist on Sept 11, 2018.
             Was an Initiate of Kikubaaqudgha.
             Slain by a hound (2 damage)
             ... on level 4 of the Dungeon.
             The game lasted 00:03:26 (1334 turns).

Amnesiac the Chiller (Mummy Ice Elementalist)       Turns: 1334, Time: 00:03:27

Health: 0/30       AC:  2    Str: 11    XL:     4   Next: 0%
Magic:  1/8        EV: 12    Int: 15    God:    Kikubaaqudgha [......]
Gold:   111        SH:  0    Dex: 12    Spells: 5/9 levels left

rFire    x . .     SeeInvis .   e - +0 dagger
rCold    + . .     Gourm    .   (no shield)
rNeg     + + +     Faith    .   a - +0 robe
rPois    ∞         Spirit   .   (no helmet)
rElec    .         Reflect  .   (no cloak)
rCorr    .         Harm     .   (no gloves)
MR       .....                  (no boots)
Stlth    ++........             i - amulet of regeneration
HPRegen  0.50/turn              (no ring)
MPRegen  0.11/turn              (no ring)

@: no status effects
A: no food or potions, fire vulnerability, cold resistance 1, negative energy
resistance 3, torment resistance, unbreathing
a: Renounce Religion


You were on level 4 of the Dungeon.
You worshipped Kikubaaqudgha.
Kikubaaqudgha was noncommittal.
You were not hungry.

You visited 1 branch of the dungeon, and saw 4 of its levels.

You collected 111 gold pieces.

Inventory:

Hand Weapons
 e - a +0 dagger (weapon)
 h - a +1 short sword
Armour
 a - a +0 robe (worn)
Jewellery
 i - an amulet of regeneration (around neck)
Scrolls
 b - 2 scrolls of teleportation {!r}
 d - 3 scrolls of identify {!r}
 j - 2 scrolls of amnesia {!r}


   Skills:
 - Level 1.5 Dodging
 - Level 1.5 Stealth
 - Level 3.0 Spellcasting
   Level 0.7 Conjurations
 * Level 2.7 Necromancy
 - Level 3.0 Ice Magic


You had 5 spell levels left.
You knew the following spells:

 Your Spells              Type           Power        Failure   Level  Hunger
a - Freeze                Ice            ##..         5%          1    N/A
z - Ozocubu's Armour      Chrm/Ice       #.......     32%         3    N/A

Your spell library contained the following spells:

 Spells                   Type           Power        Failure   Level  Hunger
 Throw Frost              Conj/Ice       #.....       14%         2    N/A
 Throw Icicle             Conj/Ice       #.......     67%         4    N/A
 Summon Ice Beast         Ice/Summ       #.......     71%         4    N/A

Dungeon Overview and Level Annotations

Branches:
Dungeon (4/15)
 Temple: D:4-7

Altars:
Dithmenos
Hepliaklqana
Kikubaaqudgha
Ru
Yredelemnul


Innate Abilities, Weirdness & Mutations

You do not eat or drink.
Your flesh is vulnerable to fire.
You are immune to poison.
Your flesh is cold resistant. (rC+)
You are immune to negative energy. (rN+++)
You are immune to unholy pain and torment.
You can survive without breathing.


Message History

An iguana comes into view.
The hound bites you.
Casting: Freeze (safe; 5% risk of failure)
Confirm with . or Enter, or press ? or * to list all spells.
Aiming: Freeze (safe; 5% risk of failure)
Press: ? - help, Shift-Dir - straight line, f - hound
Aim: a hound You freeze the hound.
The hound is moderately wounded.
The iguana hisses angrily.
The hound bites you.
Casting: Freeze (safe; 5% risk of failure)
Confirm with . or Enter, or press ? or * to list all spells.
Aiming: Freeze (safe; 5% risk of failure)
Press: ? - help, Shift-Dir - straight line, f/p - hound
Aim: a hound (lightly wounded)
You freeze the hound.
The hound is moderately wounded.
The hound barely misses you.
A giant cockroach comes into view.
The hound barely misses you.
The hound stops to sniff the ground.
The hound bites you. The iguana bites you!
* * * LOW HITPOINT WARNING * * *
Casting: Freeze (safe; 5% risk of failure)
Confirm with . or Enter, or press ? or * to list all spells.
You don't have enough magic to cast that spell.
The hound misses you.
Casting: Freeze (safe; 5% risk of failure)
Confirm with . or Enter, or press ? or * to list all spells.
You don't have enough magic to cast that spell.
You aren't carrying any items that you can evoke.
Really read
k - a scroll labeled CISONO YVAMOU {!r}?
As you read the scroll labeled CISONO YVAMOU {!r}, it crumbles to dust.
It is a scroll of enchant weapon.
Your short sword glows red for a moment.
The hound barely misses you.
Really read
j - 3 scrolls labeled FUASTA LA FEK {!r}?
As you read the scroll labeled FUASTA LA FEK {!r}, it crumbles to dust.
It is a scroll of amnesia.
Okay, then.
The hound barely misses you. The hound bites you.
* * * LOW HITPOINT WARNING * * *
Really read
g - a scroll labeled RASHRE ORRE {!r}?
As you read the scroll labeled RASHRE ORRE {!r}, it crumbles to dust.
You feel blessed for a moment.
It was a scroll of remove curse {!r}.
The hound closely misses you.
Really read
f - a scroll labeled ZUOXOBRUOC {!r}?
As you read the scroll labeled ZUOXOBRUOC {!r}, it crumbles to dust.
You feel aware of your surroundings.
You sensed 1 altar.
It was a scroll of magic mapping {!r}.
The hound bites you.
* * * LOW HITPOINT WARNING * * *
The hound barely misses you.
Really read
c - a scroll labeled WOUQAFATSU {!r}?
As you read the scroll labeled WOUQAFATSU {!r}, it crumbles to dust.
You hear a loud clanging noise!
It was a scroll of noise {!r}.
The hound bites you but does no damage.
Really read
d - 4 scrolls labeled AGHUAL OHOR {!r}?
As you read the scroll labeled AGHUAL OHOR {!r}, it crumbles to dust.
It is a scroll of identify.
b - 2 scrolls of teleportation {!r} The hound closely misses you.
The hound bites you.
You die...
Kikubaaqudgha rasps: "You have failed me!
Welcome... oblivion!"

*,#.,,* *,#*.#.***,***,*
*,#.#*####.##..** **,,,,*
*,#.# #....##.#,##*.*****
*,#.###.#####.##.#.#*
*,#...............#* **
*,#..#.....l......# *,
#,#..#.####s#.###.####***,
#.#.>..###h#..##......,,,,
#..<<....@###s#.....##***,
####.###.## ##<.......,,,,
#.# ##.###.......##****
######.#####.#.......##
#....†............#.##
#.###..########...#.# *,*
#.## #####,# *,* #.* *,***
*,* #.* *,,,*


You could see an iguana, a hound and a giant cockroach.

Vanquished Creatures
  2 adders
  An ooze (D:1)
  3 dart slugs
  5 orcs (D:2)
  2 ball pythons
  A giant cockroach (D:1)
  A goblin (D:2)
  5 hobgoblins
  3 bats (D:1)
  3 frilled lizards
  5 kobolds
  5 rats
36 creatures vanquished.

Notes
Turn   | Place    | Note
-------+----------+-------------------------------------------
     0 | D:1      | Amnesiac the Mummy Ice Elementalist began the quest for the
                  | Orb.
     0 | D:1      | Reached XP level 1. HP: 13/13 MP: 4/4
   143 | D:2      | Found a basalt altar of Yredelemnul.
   144 | D:2      | Found a sacrificial altar of Ru.
   145 | D:2      | Found an ancient bone altar of Kikubaaqudgha.
   146 | D:2      | Found a shadowy altar of Dithmenos.
   150 | D:2      | Became a worshipper of Kikubaaqudgha
   154 | D:2      | Reached XP level 2. HP: 13/19 MP: 0/5
   422 | D:1      | Reached skill level 1 in Necromancy
   567 | D:1      | Reached XP level 3. HP: 14/24 MP: 4/7
   572 | D:1      | Learned a level 3 spell: Ozocubu's Armour
  1022 | D:2      | Found a hazy altar of Hepliaklqana.
  1321 | D:4      | Reached XP level 4. HP: 29/30 MP: 1/8
  1332 | D:4      | HP: 1/30 [hound (5)]
  1334 | D:4      | Slain by a hound

Vault maps used:
D:1:      arrival_zaba_pyramid
D:2:      grunt_temple_overflow_open, lemuel_crystal_altar
D:3:      wad_woods_tower, grunt_temple_overflow_gold_and_silver,
          hangedman_abyss_or_decor_lesser_grid
D:4:      lemuel_round_altar, hangedman_decor_opposing

Skill      XL: |  1  2  3 |
---------------+----------+-----
Ice Magic      | 3 |  3.0
Spellcasting   | 3 |  3.0
Necromancy     | 1 2 |  2.7
Dodging        | |  1.5
Stealth        | |  1.5
Conjurations   | |  0.7

Action                   |  1- 3 |  4- 6 || total
-------------------------+-------+-------++-------
Melee: Dagger            |    14 |     1 ||    15
 Cast: Freeze            |    59 |     3 ||    62
  Use: Scroll            |       |     6 ||     6
 Stab: Sleeping          |     4 |       ||     4
Armor: Robe              |     8 |     1 ||     9
Dodge: Dodged            |    36 |     8 ||    44

Table legend:
 A = Non-vault XP
 B = Vault XP
 C = Vault XP percentage of total XP
 D = Non-vault monster count
 E = Vault monster count
 F = Vault count percentage of total count
                 A         B        C        D         E       F
            +---------+---------+-------+---------+---------+-------
      Total |      97 |       0 |   0.0 |      36 |       0 |   0.0
            +---------+---------+-------+---------+---------+-------
        D:1 |      33 |       0 |   0.0 |      17 |       0 |   0.0
        D:2 |      48 |       0 |   0.0 |      16 |       0 |   0.0
        D:3 |       1 |       0 |   0.0 |       1 |       0 |   0.0
        D:4 |      15 |       0 |   0.0 |       2 |       0 |   0.0
            +---------+---------+-------+---------+---------+-------
